 Dungeon Crawl Stone Soup version 0.30.0-13-g156ef70053 (webtiles) character file.

Game seed: 13251343661922401426

18 jasper the Sneak (level 2, 0/15 HPs)
             Began as a Spriggan Brigand on May 17, 2023.
             Was a Follower of Lugonu.
             Slain by a worm (5 damage)
             ... on level 2 of the Dungeon.
             The game lasted 00:01:15 (768 turns).

jasper the Sneak (Spriggan Brigand)                  Turns: 768, Time: 00:01:16

Health: 0/15       AC:  3    Str:  7    XL:     2   Next: 51%
Magic:  3/3        EV: 16    Int: 12    God:    Lugonu [*.....]
Gold:   66         SH:  4    Dex: 16    Spells: 1/1 levels left

rFire   . . .        a - +2 dagger
rCold   . . .        g - +0 buckler
rNeg    . . .        b - +0 robe
rPois   .            (helmet restricted)
rElec   .            c - +0 cloak
rCorr   .            (gloves unavailable)
SInv    +            (boots unavailable)
Will    .....        (no amulet)
Stlth   +++          (no ring)
HPRegen 0.22/turn    (no ring)
MPRegen 0.08/turn

%: no passive effects
@: very quick
A: very small, no large weapons, unfitting armour, see invisible, speed 3
a: Renounce Religion, Depart the Abyss


You were on level 2 of the Dungeon.
You worshipped Lugonu.
Lugonu was aware of your devotion.
You visited 1 branch of the dungeon, and saw 2 of its levels.

You collected 66 gold pieces.

Inventory:

Hand Weapons
 a - a +2 dagger (weapon)
Missiles
 d - 8 poisoned darts (quivered)
 e - 3 curare-tipped darts
 i - 6 atropa-tipped darts
Armour
 b - a +0 robe (worn)
 c - a +0 cloak (worn)
 g - a +0 buckler (worn)
Scrolls
 f - a scroll of enchant weapon {unknown}
 h - 2 scrolls of identify {unknown}
Potions
 j - a potion of attraction {unknown}


   Skills:
 + Level 1.8 Fighting
 + Level 2.4 Short Blades
 - Level 2.0 Throwing
 * Level 2.2 Dodging
 + Level 6.0 Stealth
 + Level 0.3 Shields


You had one spell level left.
You didn't know any spells.
Your spell library contained the following spells:

 Spells                   Type           Power      Damage    Failure   Level
 Vhi's Electric Charge    Tloc/Air       0%         N/A       86%         3
 Arcjolt                  Conj/Air       0%         1d10      100%        5
 Maxwell's Capacitive Co  Air            0%         ∞         100%        8


Dungeon Overview and Level Annotations

Branches:
Dungeon (2/15)

Altars:
Lugonu


Innate Abilities, Weirdness & Mutations

You are very small and have problems with some larger weapons.
You are too small for most types of armour.
You have supernaturally acute eyesight. (SInv)
You cover ground extremely quickly. (Speed+++)


Message History

You barely miss the adder.
The adder is almost dead.
The adder bites you. The adder bites you but does no damage.
You take 2 damage, and have 12/15 hp.
You barely miss the adder.
The adder is almost dead.
The adder barely misses you.
You hit the adder.
You kill the adder!
Lugonu accepts your kill.
HP restored.
Found 8 stones.
Health restored: 15
h - 2 scrolls labelled FYGHAICUILL (gained 1)
j - a brown potion You see here 8 stones.
You now have 66 gold pieces (gained 5).
Found a stone staircase leading down.
Found 8 stones.
There is a stone staircase leading down here.
A worm comes into view.
A worm is nearby!
You throw a poisoned dart. The poisoned dart hits the worm.
The worm is poisoned.
You hit the worm.
The worm is moderately wounded.
You hit the worm.
The worm is heavily wounded.
The worm completely misses you.
You hit the worm.
The worm is severely wounded.
You hit the worm.
The worm is almost dead.
The worm bites you!
Ouch! That really hurt!
You take 10 damage, and have 5/15 hp.
MASSIVE DAMAGE!!
You hit the worm.
The worm is almost dead.
The worm looks more healthy.
The worm bites you.
You die...

...... #.#
...##.###.#
........>.##
..........#
###(##.#.#####
..###..........#
.......#.......#
###..........#
#.##@......# #.
#.w.......
###.####### .(#
##


You could see a worm.

Vanquished Creatures
  An adder (D:2)
  2 endoplasms (D:1)
  2 goblins (D:1)
  A hobgoblin (D:1)
  A ball python (D:1)
  A frilled lizard (D:1)
  A kobold (D:1)
9 creatures vanquished.

Notes
Turn   | Place    | Note
-------+----------+-------------------------------------------
     0 | D:1      | jasper the Spriggan Brigand began the quest for the Orb.
     0 | D:1      | Reached XP level 1. HP: 10/10 MP: 2/2
   118 | D:1      | Found a faded altar of an unknown god.
   129 | D:1      | Prayed at the altar of an unknown god.
   129 | D:1      | Became a worshipper of Lugonu the Unformed
   129 | D:1      | Reached * piety under Lugonu
   403 | D:1      | Reached skill level 6 in Stealth
   403 | D:1      | Reached XP level 2. HP: 15/15 MP: 3/3
   768 | D:2      | Slain by a worm

Illustrated notes

Levels and vault maps discovered:
D:1:      spicycebolla_green_bress_n_ham_2, layout_loops_ring,
          dreamdust_ecumenical_altar_grove
D:2:      layout_loops_ring, kennysheep_path_1, minmay_curled_crystal,
          minmay_crystal_room, uniq_natasha

Skill      XL: |  1 |
---------------+----+-----
Dodging        | 2 |  2.2
Stealth        | 6 |  6.0
Fighting       | |  1.8
Short Blades   | |  2.4
Throwing       | |  2.0
Shields        | |  0.3

Action                     || total
---------------------------++-------
  Melee: Dagger            ||    34
  Throw: Dart              ||     1
   Stab: Sleeping          ||     3
         Distracted        ||     1
 Armour: Robe              ||     4
  Dodge: Dodged            ||    18
  Block: Buckler           ||     2
